 Dungeon Crawl Stone Soup version 0.24.0-2-g5b39cebb1c (webtiles) character file.

Game seed: 8875540908194707636, levelgen mode: deterministic

125 Mrkan the Skirmisher (level 4, -3/41 HPs)
             Began as a Minotaur Fighter on Oct 29, 2019.
             Killed from afar by an orc wizard (5 damage)
             ... with a puff of flame
             ... on level 3 of the Dungeon.
             The game lasted 00:02:58 (1694 turns).

Mrkan the Skirmisher (Minotaur Fighter)             Turns: 1694, Time: 00:02:58

Health: -3/41      AC:  9    Str: 21    XL:     4   Next: 82%
Magic:  3/3        EV:  5    Int:  5    God:
Gold:   136        SH:  9    Dex: 10    Spells: 3/3 levels left

rFire    . . .     SeeInvis .   b - +0 morningstar
rCold    . . .     Gourm    .   c - +0 shield
rNeg     . . .     Faith    .   v - +0 chain mail
rPois    .         Spirit   .   (helmet restricted)
rElec    .         Reflect  .   n - scarf {repulsion}
rCorr    .         Harm     .   (no gloves)
MR       .....                  (no boots)
Stlth    ..........             (no amulet)
HPRegen  0.13/turn              (no ring)
MPRegen  0.08/turn              (no ring)

@: repel missiles
A: retaliatory headbutt, horns 2
a: no special abilities


You were on level 3 of the Dungeon.
You were not hungry.

You visited 1 branch of the dungeon, and saw 3 of its levels.

You collected 136 gold pieces.

Inventory:

Hand Weapons
 b - a +0 morningstar (weapon)
Armour
 c - a +0 shield (worn)
 n - a scarf of repulsion (worn)
 v - a +0 chain mail (worn)
Jewellery
 k - an uncursed amulet of magic regeneration {unknown}
 o - a cursed ring of teleportation {unknown}
Scrolls
 g - a scroll of amnesia {unknown}
 h - 2 scrolls of remove curse {unknown}
 i - 3 scrolls of identify {unknown}
 m - a scroll of enchant weapon {unknown}
 p - 2 scrolls of fear {unknown}
 r - 3 scrolls of magic mapping {unknown}
 s - a scroll of random uselessness {unknown}
Potions
 d - a potion of might
 e - a potion of magic {unknown}
 j - a potion of curing {unknown}
 l - 2 potions of haste {unknown}
 q - a potion of degeneration {unknown}
 t - a potion of invisibility {unknown}
Comestibles
 f - 4 rations
 u - 8 chunks of flesh


   Skills:
 + Level 4.4 Fighting
   Level 4.3 Axes
 * Level 0.0(2.5) Maces & Flails
 + Level 4.4 Armour
 + Level 4.4 Shields


You had 3 spell levels left.
You didn't know any spells.
Your spell library was empty.

Dungeon Overview and Level Annotations

Branches:
Dungeon (3/15)

Altars:

Annotations:
D:3 1 transporter


Innate Abilities, Weirdness & Mutations

You reflexively headbutt those who attack you in melee.
You have a pair of horns on your head.


Message History

The orc wizard points at you and mumbles some strange words.
The magic dart hits you. You block the orc's attack.
The orc wizard mumbles some strange words.
The orc wizard blinks!
The shadow imp lashes its tail.
You see here a +0 club.
A puff of flame appears from out of thin air!
The puff of flame hits you!
* * * LOW HITPOINT WARNING * * *
A magic dart appears from out of thin air!
The magic dart hits you!
* * * LOW HITPOINT WARNING * * *
A puff of frost appears from out of thin air!
The puff of frost hits you but does no damage.
The orc wizard points at you and mumbles some strange words.
Okay, then.
A rat comes into view.
A puff of flame appears from out of thin air!
The puff of flame hits you.
You die...

#.......#.####....#
#...##
.............##....#
#...##
......#..###.##....#
#...## ......#..#
.......# #...## ##..#
#..# ###...# #...## ....
##.# #...# #..... #..
... ##...#####... #.
##.## #............
#.###.@####............
...........#............
........o...#...........
.......o....#...####....
.#.##..#o#..#...# #[...
# #............# #.#+#
..#.###o......####)#
#..#r###S...........#
........)..............


You could see 2 orc wizards, an adder, 2 orcs and a rat (wandering).

Vanquished Creatures
  An orc priest (D:3)
  3 adders (D:2)
  An ooze (D:1)
  3 dart slugs
  3 leopard geckos (D:1)
  2 orcs (D:3)
  3 giant cockroaches
  3 goblins
  5 hobgoblins
  4 jackals (D:2)
  4 kobolds
  A quokka (D:2)
  2 ball pythons (D:3)
  7 bats
  4 frilled lizards
  6 rats
52 creatures vanquished.

Notes
Turn   | Place    | Note
-------+----------+-------------------------------------------
     0 | D:1      | Mrkan the Minotaur Fighter began the quest for the Orb.
     0 | D:1      | Reached XP level 1. HP: 19/19 MP: 0/0
    75 | D:1      | Reached XP level 2. HP: 26/27 MP: 1/1
   498 | D:1      | Reached XP level 3. HP: 29/33 MP: 2/2
  1068 | D:2      | Reached XP level 4. HP: 40/40 MP: 3/3
  1683 | D:3      | Found a transporter.
  1689 | D:3      | HP: 1/41 [something/magic dart (7)]
  1694 | D:3      | Killed from afar by an orc wizard

Levels and vault maps discovered:
D:1:      minmay_arrival_doors, layout_basic
D:2:      layout_loops_ring, nicolae_overflow_hidden_temple,
          chequers_mini_garden, chequers_serial_rivers_micro_a
D:3:      gammafunk_wand_slinger, layout_basic

Skill      XL: |  1  2  3  4 |
---------------+-------------+-----
Axes           | 3 4 |  4.3
Shields        | 4 |  4.4
Fighting       | 4 |  4.4
Armour         | 4 |  4.4

Action                   |  1- 3 |  4- 6 || total
-------------------------+-------+-------++-------
Melee: War axe           |    86 |    31 ||   117
       Headbutt          |    12 |     3 ||    15
       Morningstar       |       |     8 ||     8
  Eat: Chunk             |     1 |     2 ||     3
Armor: Scale mail        |    51 |     5 ||    56
       Chain mail        |       |     3 ||     3
Dodge: Dodged            |    34 |    10 ||    44
Block: Shield            |    49 |    21 ||    70
